Map: Prion Terraces

Players

MiNiMaTh

  • Race: Zerg Zerg
  • League: Grandmaster

viOLet - Winner!

  • Race: Zerg Zerg

Event: DreamHack ZOWIE Open Leipzig

VOD

Have the link to the VOD?

Description

Time

  • Played on: Jan. 22, 2016, 8:26 a.m.
  • Length: 16:02

All games in this series

Show
View Real Time Build Order
Export as new Build Order

MiNiMaTh Zerg 

Build Orders: Pool First 

Get SALT Encoding   

  12  0:00  Drone  
  13  0:08  Drone  
  14  0:20  Drone, Extractor  
  14  0:32  Spawning Pool  
  14  0:35  Drone  
  14  0:46  Overlord  
  14  0:50  Drone, Extractor  
  15  1:09  Drone  
  16  1:19  Zergling x2, Queen  
  16  1:20  Metabolic Boost  
  19  1:26  Zergling x2  
  19  1:29  Zergling x2  
  21  1:35  Zergling x2  
  22  1:44  Baneling Nest, Zergling x2  
  22  1:54  Overlord  
  19  2:11  Zergling x2  
  20  2:15  Zergling x2  
  21  2:27  Zergling x2  
  21  2:28  Zergling x6  
  25  2:37  Baneling  
  25  2:39  Zergling x2  
  26  2:53  Drone  
  27  3:04  Baneling  
  27  3:05  Hatchery  
  27  3:10  Drone x4  
  29  3:23  Drone  
  28  3:31  Overlord  
  28  3:43  Drone  
  29  3:49  Queen  
  29  3:53  Drone  
  29  3:54  Drone x3  
  35  4:05  Drone  
  36  4:18  Drone x2  
  36  4:23  Drone  
  39  4:25  Evolution Chamber  
  39  4:26  Roach Warren  
  39  4:28  Drone  
  39  4:29  Drone x3  
  39  4:30  Lair  
  41  4:36  Extractor  
  40  4:38  Overlord  
  40  4:43  Drone  
  41  4:48  Overlord  
  41  4:51  Drone x3  
  44  4:57  Zerg Missile Weapons Level 1  
  44  4:59  Extractor  
  43  5:07  Drone x2  
  43  5:11  Drone  
  43  5:12  Drone  
  43  5:13  Hatchery, Drone  
  47  5:26  Overlord  
  47  5:27  Glial Reconstitution  
  47  5:29  Roach x3  
  47  5:30  Roach  
  47  5:34  Roach  
  57  5:36  Roach  
  59  5:46  Overlord x3  
  59  5:49  Roach  
  61  5:53  Roach x2  
  61  5:56  Overlord  
  65  6:05  Roach x2  
  65  6:06  Roach x2  
  72  6:13  Roach x3  
  72  6:17  Roach x2  
  80  6:20  Ravager x2  
  80  6:22  Ravager  
  80  6:24  Zergling x6  
  86  6:33  Drone  
  86  6:34  Queen  
  86  6:35  Zergling x4  
  86  6:37  Drone  
  92  6:41  Drone  
  88  6:55  Roach x2  
  88  6:56  Roach x3  
  92  7:12  Roach x4  
  92  7:13  Roach  
  95  7:21  Roach x3  
  90  7:26  Roach  
  90  7:29  Overlord x2  
  92  7:38  Roach  
  92  7:42  Ravager, Extractor  
  92  7:43  Ravager x2  
  98  7:44  Roach  
  98  7:46  Overlord x2  
  98  7:50  Roach  
  100  7:55  Roach x4  
  100  7:56  Drone x5  
  100  7:57  Drone  
  114  7:59  Overlord  
  114  8:15  Roach x3  
  120  8:30  Drone x5  
  120  8:31  Roach x2  
  120  8:32  Overlord  
  120  8:33  Overlord  
  129  8:36  Overlord x2  
  129  8:37  Hatchery  
  129  8:38  Extractor  
  129  8:40  Overlord x2  
  127  8:45  Zerg Missile Weapons Level 2  
  127  8:53  Roach x5  
  127  8:55  Ravager x2  
  139  8:59  Roach x2  
  139  9:00  Roach  
  145  9:03  Roach  
  145  9:06  Roach  
  145  9:08  Roach  
  151  9:10  Roach  
  151  9:11  Roach  
  153  9:25  Roach x6  
  153  9:26  Roach  
  153  9:29  Roach  
  153  9:30  Roach  
  167  9:33  Drone  
  167  9:34  Drone  
  167  9:36  Overlord  
  170  9:38  Ravager  
  170  9:49  Roach x3  
  176  10:05  Roach x3  
  176  10:06  Roach  
  182  10:14  Roach  
  182  10:18  Pneumatized Carapace  
  184  10:23  Hatchery  
  184  10:26  Drone  
  184  10:28  Extractor  
  184  10:29  Overlord  
  183  10:36  Overseer  
  179  10:53  Roach x4  
  179  10:54  Roach x2  
  179  10:55  Overlord x3  
  189  11:11  Roach  
  191  11:25  Hydralisk Den, Zerg Ground Armor Level 1  
  184  11:27  Ravager x2  
  184  11:28  Ravager x3  
  184  11:29  Roach x4  
  184  11:31  Roach  
  177  12:06  Muscular Augments  
  177  12:08  Hydralisk x15  
  190  12:40  Hydralisk x6  
  198  12:48  Drone x2  
  198  13:26  Hydralisk  
  147  13:27  Hydralisk x14  
  147  13:28  Hydralisk x2  
  147  13:34  Roach x6  
  135  13:45  Roach x4  
  135  13:46  Roach  
  135  13:47  Roach  
  145  13:48  Roach  
  145  13:53  Drone x3  
  146  13:58  Drone x2  
  146  13:59  Drone  
  146  14:00  Drone  
  150  14:03  Roach x5  
  156  14:10  Roach x2  
  156  14:11  Roach x2  
  156  14:14  Roach x2  
  168  14:19  Overseer  
  168  14:20  Roach x2  
  172  14:28  Roach x2  
  172  14:29  Roach x2  
  180  14:38  Roach x4  
  159  14:58  Roach  
  159  14:59  Roach x9  
  125  15:04  Roach x2  
  125  15:05  Roach  
  112  15:20  Roach x7  
  126  15:29  Hydralisk x2  
  130  15:38  Hydralisk x2  
  130  15:39  Extractor  
  131  15:50  Overseer  
Show
View Real Time Build Order
Export as new Build Order

viOLet Zerg - Winner!

Build Orders: Pool First 

Get SALT Encoding   

  12  0:18  Spawning Pool  
  11  0:21  Drone  
  11  0:26  Drone  
  13  0:31  Drone  
  14  0:40  Overlord  
  14  1:04  Zergling x2  
  14  1:05  Zergling x4  
  17  1:15  Zergling x2  
  18  1:20  Hatchery  
  17  1:26  Zergling x2  
  17  1:32  Queen  
  18  1:38  Drone  
  21  1:48  Overlord  
  21  2:00  Drone  
  20  2:10  Queen  
  20  2:15  Drone  
  23  2:20  Drone  
  23  2:21  Spine Crawler  
  22  2:33  Queen  
  24  2:41  Zergling x4  
  26  2:44  Zergling x2  
  26  2:45  Spine Crawler  
  26  2:46  Zergling x2  
  25  2:52  Zergling x2  
  25  2:56  Zergling x4  
  28  3:02  Zergling x2  
  29  3:09  Queen  
  29  3:14  Drone  
  29  3:19  Drone  
  30  3:23  Drone  
  30  3:26  Overlord  
  30  3:34  Drone  
  31  3:38  Drone  
  31  3:39  Drone  
  33  3:42  Drone  
  33  3:43  Drone  
  35  3:51  Drone x2  
  37  3:56  Extractor  
  37  3:57  Extractor  
  37  3:58  Drone  
  36  4:04  Drone  
  36  4:09  Drone  
  39  4:10  Drone x3  
  39  4:15  Overlord  
  41  4:20  Drone x2  
  43  4:32  Roach Warren  
  43  4:34  Drone x3  
  45  4:40  Overlord  
  45  4:41  Drone  
  45  4:43  Drone  
  47  4:57  Hatchery  
  46  5:04  Drone x2  
  46  5:06  Drone x3  
  51  5:12  Drone x2  
  51  5:13  Overlord  
  53  5:16  Overlord  
  53  5:25  Roach, Extractor  
  53  5:26  Roach  
  56  5:30  Overlord  
  56  5:33  Roach x2  
  60  5:36  Roach  
  62  5:46  Roach x2  
  66  5:50  Roach x2  
  70  5:58  Roach x2  
  70  6:00  Overlord  
  74  6:05  Roach  
  74  6:06  Roach  
  74  6:07  Roach x2  
  79  6:15  Roach x2  
  82  6:21  Roach x2  
  86  6:27  Ravager x3  
  86  6:28  Ravager  
  86  6:29  Zergling x8  
  94  6:33  Overlord  
  94  6:36  Roach x2  
  98  6:46  Overlord  
  90  6:58  Roach x4  
  90  7:01  Roach  
  99  7:07  Roach  
  96  7:09  Roach  
  96  7:10  Roach  
  96  7:14  Roach  
  96  7:15  Roach  
  100  7:18  Drone, Roach  
  100  7:20  Drone  
  100  7:21  Drone x3  
  95  7:25  Lair  
  95  7:28  Drone  
  95  7:29  Evolution Chamber, Drone  
  96  7:33  Drone x2  
  98  7:37  Drone x2  
  98  7:38  Ravager  
  98  7:43  Drone x3  
  104  7:47  Ravager  
  104  7:48  Ravager  
  104  7:50  Drone x2  
  108  7:54  Extractor  
  108  7:55  Overlord  
  108  7:56  Drone  
  108  7:57  Drone, Overlord  
  109  7:59  Zerg Missile Weapons Level 1  
  109  8:02  Overlord x2  
  109  8:10  Roach x2  
  113  8:16  Overlord x2  
  113  8:26  Overlord, Spine Crawler x2  
  111  8:27  Glial Reconstitution  
  111  8:31  Drone x2  
  111  8:32  Roach  
  111  8:33  Roach x3  
  121  8:41  Roach  
  121  8:42  Roach x2  
  121  8:44  Roach x2  
  121  8:47  Overlord x2  
  133  8:48  Roach  
  133  8:52  Ravager, Extractor  
  133  9:01  Roach x3  
  139  9:06  Roach  
  139  9:07  Ravager  
  142  9:14  Roach x2, Extractor  
  145  9:20  Hatchery  
  143  9:31  Drone x5  
  145  9:37  Ravager x2  
  145  9:38  Roach x7  
  162  9:49  Overlord x3  
  162  9:57  Zerg Missile Weapons Level 2  
  162  10:05  Overlord  
  162  10:08  Roach  
  162  10:11  Roach  
  170  10:14  Roach x3  
  170  10:19  Ravager x2  
  170  10:20  Ravager x2  
  170  10:21  Roach x4  
  184  10:23  Overlord x2  
  184  10:25  Roach x2  
  184  10:27  Overseer  
  188  10:37  Roach x4  
  196  10:46  Ravager  
  195  10:52  Roach x2  
  199  11:00  Drone  
  200  11:09  Spine Crawler  
  196  11:18  Extractor  
  196  11:23  Drone x5  
  199  11:29  Hydralisk Den  
  197  11:43  Drone x3  
  197  11:44  Drone x3  
  194  11:57  Roach  
  190  12:06  Muscular Augments  
  190  12:07  Hydralisk x6  
  198  12:19  Ravager  
  187  12:46  Hydralisk x11  
  187  12:48  Ravager  
  200  12:55  Spine Crawler  
  200  12:58  Ravager  
  200  13:01  Spine Crawler  
  200  13:02  Spine Crawler x2  
  200  13:03  Drone x2  
  197  13:22  Roach  
  197  13:23  Roach x5  
  160  13:27  Roach  
  160  13:28  Roach x4  
  160  13:31  Roach  
  160  13:33  Roach x11  
  154  13:35  Lurker Den  
  152  13:44  Drone x6  
  155  14:20  Roach x2  
  155  14:21  Hydralisk x4, Roach x4  
  155  14:22  Hydralisk  
  155  14:23  Roach x3  
  183  14:24  Roach  
  183  14:25  Ravager  
  186  14:36  Overseer  
  186  14:44  Overseer  
  186  14:45  Overseer  
  158  14:57  Roach x14  
  149  15:03  Roach x2  
  147  15:09  Lurker x6  
  147  15:11  Lurker x2  
  155  15:16  Roach  
  157  15:31  Roach x6  
  157  15:34  Roach  
  157  15:35  Ravager  
  172  15:37  Roach  
  172  15:40  Roach x2  

Tags
 
Add a new tag
Caveats
  • Supply blocks, unpowered buildings, or Contaminate may cause inaccurate times.
  • Supply counts are checked every 10 seconds.